 Dungeon Crawl Stone Soup version 0.23.2-30-g0e89c35649 (webtiles) character file.

Game seed: 6607141499827066752

10910 dvd the Thrower (level 11, -5/113 HPs)
             Began as an Ogre Hunter on June 19, 2019.
             Was an Elder of Okawaru.
             Slain by a crocodile (11 damage)
             ... on level 1 of the Lair of Beasts.
             The game lasted 00:32:14 (12029 turns).

dvd the Thrower (Ogre Hunter)                      Turns: 12029, Time: 00:32:15

Health: -5/113     AC:  6    Str: 21    XL:     11   Next: 69%
Magic:  16/19      EV: 12    Int: 16    God:    Okawaru [****..]
Gold:   452        SH:  2    Dex: 12    Spells: 15/21 levels left

rFire    + . .     SeeInvis .   J - +5 long sword "Ibusonic" {flame, Fragile Str+3 Int+4}
rCold    + . .     Gourm    .   (no shield)
rNeg     . . .     Faith    .   Q - +2 robe {rC+ rF+}
rPois    .         Spirit   .   (helmet restricted)
rElec    .         Reflect  +   B - +0 cloak
rCorr    .         Harm     .   (gloves unavailable)
MR       +....                  (boots unavailable)
Stlth    ++........             s - +2 amulet of reflection
HPRegen  1.28/turn              (no ring)
MPRegen  0.16/turn              (no ring)

@: regenerating (expiring)
A: large, unfitting armour, tough skin 1
a: Heroism, Renounce Religion


You were on level 1 of the Lair of Beasts.
You worshipped Okawaru.
Okawaru was greatly pleased with you.
You were not hungry.

You visited 3 branches of the dungeon, and saw 13 of its levels.

You collected 681 gold pieces.
You spent 229 gold pieces at shops.

Inventory:

Hand Weapons
 a - a +0 short sword
 n - a +2 scythe of flaming
 z - a +3 quarterstaff of chaos
 I - a +2 whip of flaming
 J - the +5 long sword "Ibusonic" (weapon) {flame, Fragile Str+3 Int+4}
   (You found it on level 7 of the Dungeon)

   It has been specially enchanted to burn those struck by it, causing extra
   injury to most foes and up to half again as much damage against particularly
   susceptible opponents.
   Big, fiery blades are also staple armaments of hydra-hunters.
   It affects your strength (+3).
   It affects your intelligence (+4).
   It will be destroyed if unequipped.
 K - a +0 quarterstaff of crushing
 P - the cursed +1 war axe of Leoteifa {antimagic, *Rage Int+3 Dex+2}
   (You bought it in a shop on level 8 of the Dungeon)

   It reduces the magical energy of the wielder, and disrupts the spells and
   magical abilities of those hit.
   Natural abilities and divine invocations are not affected.
   It affects your intelligence (+3).
   It affects your dexterity (+2).
   It may make you go berserk in combat.
   It has a curse placed upon it.
Missiles
 k - 6 javelins (quivered)
 p - 4 tomahawks
 M - 7 steel javelins
 O - 9 javelins of penetration
Armour
 B - a +0 cloak (worn)
 Q - a +2 robe of resistance (worn)
Jewellery
 s - a +2 amulet of reflection (around neck)
Wands
 x - a wand of clouds (6)
 A - a wand of iceblast (11)
 C - a wand of polymorph (22)
 D - a wand of enslavement (4)
 F - a wand of random effects (16)
 G - a wand of flame (51)
 L - a wand of digging (2)
 N - a wand of paralysis (8)
Scrolls
 c - 5 scrolls of teleportation
 d - 5 scrolls of magic mapping
 h - 3 scrolls of amnesia
 l - 2 scrolls of fog
 m - 14 scrolls of identify
 o - 2 scrolls of immolation
 t - 4 scrolls of remove curse
 R - a scroll of summoning {unknown}
Potions
 b - a potion of brilliance {unknown}
 e - a potion of mutation {unknown}
 g - 2 potions of might {unknown}
 i - 2 potions of agility {unknown}
 j - 7 potions of curing
 q - 2 potions of heal wounds {unknown}
 r - 4 potions of flight {unknown}
 u - 3 potions of degeneration {unknown}
 v - 3 potions of magic {unknown}
 w - 2 potions of invisibility {unknown}
 E - a potion of ambrosia {unknown}
 H - 2 potions of lignification {unknown}
Comestibles
 f - 25 rations
 T - 9 chunks of flesh


   Skills:
 + Level 8.6 Fighting
 + Level 6.2 Long Blades
 + Level 4.1(5.3) Axes
 + Level 5.1(5.8) Polearms
 + Level 9.4 Throwing
 + Level 5.7 Dodging
 + Level 4.0 Stealth
 + Level 1.6 Unarmed Combat
 + Level 5.5 Spellcasting
 + Level 2.4 Charms
 * Level 3.2 Necromancy
 + Level 3.0 Invocations
 + Level 0.5 Evocations


You had 15 spell levels left.
You knew the following spells:

 Your Spells              Type           Power        Failure   Level  Hunger
a - Regeneration          Chrm/Necr      ##........   14%         3    ###....
b - Vampiric Draining     Necr           ##........   12%         3    ###....

Your spell library contained the following spells:

 Spells                   Type           Power        Failure   Level  Hunger
 Animate Skeleton         Necr           N/A          3%          1    None
 Pain                     Necr           ##..         3%          1    None
 Magic Dart               Conj           #...         14%         1    None
 Searing Ray              Conj           #.....       22%         2    #......
 Animate Dead             Necr           N/A          36%         4    ####...
 Dazzling Spray           Conj/Hex       #.....       41%         3    ###....
 Force Lance              Conj/Tloc      #.......     82%         4    ####...
 Fulminant Prism          Conj/Hex       #.........   82%         4    ####...
 Iskenderun's Mystic Bla  Conj           #.......     82%         4    ####...


Dungeon Overview and Level Annotations

Branches:
Dungeon (11/15)            Temple (1/1) D:4            Lair (1/6) D:10
    Orc (0/2) D:11

Altars:
Ashenzari
Cheibriados
Dithmenos
Elyvilon
Fedhas
Gozag
Hepliaklqana
Kikubaaqudgha
Makhleb
Nemelex Xobeh
Okawaru
Qazlal
Ru
Sif Muna
Trog
Uskayaw
Vehumet
Wu Jian
Xom
Yredelemnul
Zin
The Shining One

Shops:
D:8 (

Annotations:
D:5 1 transporter, Jaiteiro's ghost, novice SpVM


Innate Abilities, Weirdness & Mutations

You are too large for most types of armour.
You have tough skin. (AC +1)


Message History

Aim: a crocodile (severely wounded)
You throw a large rock. The large rock hits the crocodile.
The crocodile is severely wounded.
Throwing (i - inventory. (/) - cycle)
S - 2 large rocks (quivered)
Press: ? - help, Shift-Dir - straight line, f/p - crocodile
Aim: a crocodile (severely wounded)
You throw a large rock. The large rock hits the crocodile.
The crocodile is almost dead.
Throwing (i - inventory. (/) - cycle)
S - a large rock (quivered)
Press: ? - help, Shift-Dir - straight line, f/p - crocodile
Aim: a crocodile (almost dead)
You throw a large rock.
The large rock barely misses the crocodile.
Your skin is crawling a little less now.
The crocodile barely misses you. The crocodile bites you!
* * * LOW HITPOINT WARNING * * *
You hit the crocodile but do no damage.
The crocodile is almost dead.
The crocodile bites you!
You die...

### #### ######.####..##
#..÷..........# ### ## ####
#............## #####P##.# ...#
#............# ##........##
...###............####..)........
...P#....(....(t@...###........P.
.....†......(.....#.###.........#
>..#÷......(......#..##........#
.....#............#...'........#
...####.##.############........#
#+.# #...... ###+###.### ..##
###.###. #........ ### #.#
##.##(#.+ ..# .. #. ......


You could see a crocodile.

Vanquished Creatures
  The ghost of Exporg the Thaumaturge, a journeyman DEFE of Sif Muna (D:11)
  A two-headed ogre (D:9)
  Pikel (D:6)
  3 ugly things (D:11)
  Joseph (D:7)
  The ghost of HEYYEYAAE the Poker, a novice DgGl (D:4)
  A komodo dragon (Lair:1)
  A troll (D:11)
  A hornet (D:5)
  2 hippogriffs
  Sigmund (D:5)
  A spriggan (D:7)
  8 yaks (D:11)
  A wyvern (D:9)
  A hungry ghost (D:9)
  Eustachio (D:6)
  Menkaure (D:7)
  2 water moccasins
  Duvessa (D:4)
  2 slaves (D:7)
  2 black bears
  An orc warrior (D:8)
  A sky beast (D:8)
  An ice beast (D:5)
  6 ogres
  6 centaurs
  2 crocodiles
  4 bullfrogs
  Dowan (D:4)
  5 scorpions
  11 killer bees
  4 howler monkeys
  6 crimson imps
  A quasit (D:8)
  2 centaur zombies (D:11)
  4 orc priests
  4 hounds
  Crazy Yiuf (D:5)
  9 orc wizards
  Ijyb (D:5)
  3 iguanas
  4 worker ants
  A hound skeleton (D:5)
  2 worker ant zombies (D:10)
  A howler monkey zombie (D:9)
  9 adders
  A howler monkey skeleton (D:3)
  A shadow imp (D:10)
  3 oozes
  An adder skeleton (D:7)
  4 worms
  2 dart slugs
  5 leopard geckos
  23 orcs
  2 ball pythons (D:3)
  4 bats
  2 giant cockroaches
  7 goblins
  5 hobgoblins
  4 jackals
  7 kobolds
  6 quokkas
  5 frilled lizards
  A giant cockroach zombie (D:5)
  A quokka zombie (D:7)
  8 rats
  2 fungi
218 creatures vanquished.

Vanquished Creatures (others)
  A plant (Lair:1)
1 creature vanquished.

Grand Total: 219 creatures vanquished

Notes
Turn   | Place    | Note
-------+----------+-------------------------------------------
     0 | D:1      | dvd the Ogre Hunter began the quest for the Orb.
     0 | D:1      | Reached XP level 1. HP: 22/22 MP: 1/1
    41 | D:1      | Reached XP level 2. HP: 29/29 MP: 2/2
   409 | D:1      | Reached XP level 3. HP: 36/36 MP: 3/3
   936 | D:2      | Reached skill level 5 in Throwing
  1272 | D:2      | Reached XP level 4. HP: 44/44 MP: 4/4
  2215 | D:3      | Reached XP level 5. HP: 52/52 MP: 5/5
  2237 | D:3      | Reached skill level 6 in Throwing
  2475 | D:3      | Reached skill level 1 in Axes
  2646 | D:4      | Found a runed translucent door.
  2652 | D:4      | Noticed HEYYEYAAE's ghost (novice DgGl)
  2662 | D:4      | Noticed Dowan
  2665 | D:4      | Noticed Duvessa
  3033 | D:4      | Learned a level 3 spell: Regeneration
  3038 | D:4      | Noticed an ogre
  3137 | D:4      | Killed Duvessa
  3137 | D:4      | Reached skill level 1 in Stealth
  3137 | D:4      | Reached XP level 6. HP: 54/61 MP: 6/6
  3145 | D:4      | Killed Dowan
  3464 | D:4      | Reached XP level 7. HP: 58/67 MP: 7/7
  3565 | D:4      | Found a staircase to the Ecumenical Temple.
  3635 | Temple   | Entered the Ecumenical Temple
  3687 | Temple   | Became a worshipper of Warmaster Okawaru
  3894 | D:4      | Reached skill level 7 in Throwing
  3957 | D:5      | Entered Level 5 of the Dungeon
  4269 | D:5      | Noticed Sigmund
  4387 | D:5      | Killed Sigmund
  4387 | D:5      | Reached * piety under Okawaru
  4387 | D:5      | Reached XP level 8. HP: 51/79 MP: 8/8
  4619 | D:5      | Found a transporter.
  4630 | D:5      | Found a transporter.
  4630 | D:5      | Noticed Jaiteiro's ghost (novice SpVM)
  4632 | D:5      | Noticed a hornet
  4737 | D:5      | Reached skill level 5 in Fighting
  4760 | D:5      | Noticed Ijyb
  4766 | D:5      | Killed Ijyb
  4781 | D:5      | Reached skill level 1 in Polearms
  5054 | D:5      | Found a shadowy altar of Dithmenos.
  5197 | D:5      | Found a runed translucent door.
  5198 | D:5      | Noticed Crazy Yiuf
  5203 | D:5      | Killed Crazy Yiuf
  5203 | D:5      | Reached skill level 1 in Unarmed Combat
  5465 | D:6      | Noticed Eustachio
  5469 | D:6      | Killed Eustachio
  5469 | D:6      | Reached ** piety under Okawaru
  5552 | D:6      | Reached XP level 9. HP: 25/89 MP: 7/9
  5822 | D:6      | Found a radiant altar of Vehumet.
  6209 | D:7      | Noticed Joseph
  6213 | D:7      | Killed Joseph
  6213 | D:7      | Reached skill level 1 in Invocations
  6256 | D:7      | Noticed Pikel
  6960 | D:6      | Killed Pikel
  7032 | D:7      | Got a warped long sword
  7033 | D:7      | Identified the +5 long sword "Ibusonic" {flame, Fragile
                  | Str+3 Int+4} (You found it on level 7 of the Dungeon)
  7093 | D:7      | Noticed Menkaure
  7102 | D:7      | Killed Menkaure
  7104 | D:7      | Reached skill level 8 in Throwing
  7180 | D:7      | Found a hazy altar of Hepliaklqana.
  7186 | D:7      | Found a sacrificial altar of Ru.
  7190 | D:7      | Found a stormy altar of Qazlal.
  7331 | D:7      | Found a white marble altar of Elyvilon.
  7399 | D:7      | Reached skill level 5 in Polearms
  7740 | D:8      | Reached *** piety under Okawaru
  7773 | D:8      | Reached skill level 1 in Long Blades
  7845 | D:8      | Reached XP level 10. HP: 81/102 MP: 10/13
  8223 | D:8      | Found Hudghofa's Antique Weapon Emporium.
  8231 | D:8      | Bought an ichor-stained war axe for 229 gold pieces
  8231 | D:8      | Identified the cursed +1 war axe of Leoteifa {antimagic,
                  | *Rage Int+3 Dex+2} (You bought it in a shop on level 8 of
                  | the Dungeon)
  8384 | D:8      | Found a glowing silver altar of Zin.
  8556 | D:8      | Found an ornate altar of the Wu Jian Council.
  8713 | D:9      | Noticed a two-headed ogre
  8719 | D:9      | Killed a two-headed ogre
  8719 | D:9      | Reached skill level 5 in Dodging
  8887 | D:9      | Found a shimmering altar of Xom.
  9091 | D:9      | Found a shattered altar of Ashenzari.
  9102 | D:9      | Reached skill level 1 in Necromancy
  9321 | D:9      | Reached skill level 1 in Charms
  9561 | D:10     | Entered Level 10 of the Dungeon
  9761 | D:10     | Received a gift from Okawaru
  9981 | D:10     | Reached skill level 5 in Spellcasting
 10070 | D:10     | Found a staircase to the Lair.
 10239 | D:11     | Noticed a purple ugly thing
 10244 | D:11     | Killed a purple ugly thing
 10342 | D:11     | Reached XP level 11. HP: 111/111 MP: 18/18
 10376 | D:11     | Noticed a white ugly thing
 10387 | D:11     | Killed a white ugly thing
 10387 | D:11     | Reached skill level 5 in Long Blades
 10388 | D:11     | Found a runed translucent gate.
 10388 | D:11     | Found a runed translucent gate.
 10389 | D:11     | Found a runed translucent gate.
 10543 | D:11     | Received a gift from Okawaru
 10630 | D:11     | Learned a level 3 spell: Vampiric Draining
 10638 | D:11     | Found a staircase to the Orcish Mines.
 10676 | D:11     | Reached **** piety under Okawaru
 10875 | D:11     | Noticed a cyan ugly thing
 10881 | D:11     | Killed a cyan ugly thing
 10881 | D:11     | Reached skill level 9 in Throwing
 11013 | D:11     | Noticed Exporg's ghost (journeyman DEFE)
 11028 | D:11     | Killed Exporg's ghost
 11028 | D:11     | Received a gift from Okawaru
 11431 | D:4      | Killed HEYYEYAAE's ghost
 11623 | D:5      | Paralysed by a hornet for 1 turns
 11835 | Lair:1   | Entered Level 1 of the Lair of Beasts
 12000 | Lair:1   | Noticed an eight-headed hydra
 12008 | Lair:1   | HP: 1/113 [seven-headed hydra (18)]
 12028 | Lair:1   | HP: 5/113 [crocodile (17)]
 12029 | Lair:1   | Slain by a crocodile

Skill      XL: |  1  2  3  4  5  6  7  8  9 10 11 |
---------------+----------------------------------+-----
Throwing       | 5 6 7 8 9 |  9.4
Axes           | 2 3 4 |  4.1
Dodging        | 2 3 4 5 |  5.7
Fighting       | 3 4 5 7 8 |  8.6
Stealth        | 1 2 3 4 |  4.0
Polearms       | 3 5 |  5.1
Unarmed Combat | 1 |  1.6
Invocations    | 2 3 |  3.0
Spellcasting   | 2 5 |  5.5
Long Blades    | 1 4 6 |  6.2
Necromancy     | 1 3 |  3.2
Charms         | 1 2 |  2.4
Evocations     | |  0.5

Action                   |  1- 3 |  4- 6 |  7- 9 | 10-12 || total
-------------------------+-------+-------+-------+-------++-------
Melee: Short sword       |    11 |       |       |       ||    11
       Hand axe          |     2 |    68 |    15 |       ||    85
       Scythe            |       |       |   106 |       ||   106
       Unarmed           |       |       |    13 |       ||    13
       Long sword        |       |       |    43 |   208 ||   251
       Punch             |       |       |     3 |     6 ||     9
Throw: Large rock        |    47 |    45 |    35 |    29 ||   156
       Throwing net      |       |     3 |       |       ||     3
       Javelin           |       |       |       |    75 ||    75
 Cast: Regeneration      |       |       |       |    29 ||    29
Invok: Heroism           |       |       |    16 |    25 ||    41
Evoke: Wand              |       |     2 |     4 |     1 ||     7
  Use: Potion            |       |     1 |       |     1 ||     2
       Scroll            |       |       |       |    14 ||    14
 Stab: Sleeping          |       |     1 |     5 |     8 ||    14
       Confused          |       |       |     1 |       ||     1
  Eat: Chunk             |     1 |     7 |    11 |    14 ||    33
       Ration            |       |       |     1 |     1 ||     2
Armor: Robe              |     5 |    11 |    55 |    29 ||   100
       Skin              |       |       |     6 |       ||     6
Dodge: Dodged            |    10 |    43 |   165 |   158 ||   376
Block: Other             |     1 |     6 |    17 |    14 ||    38
       Reflection        |       |       |       |     2 ||     2
       Rpst.: Long sword |       |       |    14 |    55 ||    69
